Map: Kairos Junction LE

Players

maurocantoro

  • Race: Terran Terran
  • Spawn Location: 11:00

Mesrob - Winner!

  • Race: Terran Terran
  • League: Platinum
  • Spawn Location: 5:00

VOD

Have the link to the VOD?

Description

Time

  • Played on: Jan. 26, 2019, 3:57 p.m.
  • Length: 16:24
Show
View Real Time Build Order
Export as new Build Order

maurocantoro Terran 

Build Orders:  

Get SALT Encoding   

  12  0:05  SCV  
  13  0:17  SCV  
  13  0:20  Supply Depot  
  14  0:27  Refinery  
  14  0:29  SCV  
  15  0:41  SCV  
  16  0:48  Barracks  
  16  0:53  SCV  
  17  0:59  Refinery  
  17  1:07  SCV  
  18  1:19  SCV  
  20  1:37  Reaper  
  20  1:40  Factory  
  20  1:41  Orbital Command  
  20  1:49  Supply Depot  
  20  2:10  Reaper  
  20  2:12  SCV  
  22  2:24  SCV  
  22  2:25  Hellion  
  25  2:30  Supply Depot  
  25  2:39  SCV  
  26  2:45  Barracks Reactor  
  26  2:47  Factory Tech Lab  
  26  2:57  SCV  
  27  3:07  Barracks  
  27  3:09  Command Center  
  26  3:36  SCV  
  28  3:48  SCV  
  28  4:00  SCV  
  29  4:08  Marine x2, Bunker  
  31  4:10  Siege Tank  
  31  4:12  SCV  
  31  4:15  Supply Depot  
  35  4:19  Starport  
  35  4:20  Engineering Bay  
  34  4:24  SCV  
  34  4:26  Orbital Command  
  35  4:36  SCV  
  36  4:47  Marine x2  
  36  4:49  SCV  
  39  5:00  Medivac  
  39  5:01  SCV  
  39  5:04  Marine  
  39  5:05  Marine  
  39  5:06  Supply Depot, Siege Tank  
  47  5:13  Missile Turret  
  47  5:15  Missile Turret  
  47  5:22  Marine x2  
  47  5:26  SCV x2, Barracks  
  51  5:35  Supply Depot  
  51  5:36  Medivac  
  51  5:38  SCV x2  
  51  5:40  Marine x2  
  57  5:51  Siege Tank  
  57  5:57  SCV x2  
  61  5:58  Marine x2, Refinery x2  
  64  6:07  Starport Reactor, Missile Turret  
  64  6:09  SCV x2  
  66  6:12  Barracks Tech Lab  
  66  6:16  Marine x2  
  68  6:19  Command Center  
  68  6:33  Marine  
  68  6:34  Marine  
  68  6:39  Marine  
  68  6:51  Marine x2, SCV  
  68  6:52  SCV  
  71  6:58  Marauder  
  73  7:03  SCV  
  73  7:04  SCV  
  75  7:09  Marine x2  
  75  7:14  Liberator  
  76  7:19  Marauder  
  74  7:24  Stimpack, Siege Tank  
  74  7:27  Marine x2  
  74  7:28  Medivac  
  78  7:32  Supply Depot  
  78  7:33  Supply Depot  
  78  7:34  SCV x2  
  83  7:40  Marauder  
  85  7:45  Marine x2  
  85  7:46  SCV  
  88  7:55  Barracks  
  88  7:56  Supply Depot, Barracks  
  88  7:57  Siege Tank, Barracks  
  91  7:59  SCV  
  91  8:00  SCV  
  91  8:02  Marauder  
  91  8:03  Marine x2, Supply Depot  
  97  8:20  Marine x2  
  97  8:23  Marauder  
  97  8:26  Medivac x2, SCV  
  106  8:27  Barracks  
  106  8:38  Marine x2  
  108  8:43  Liberator  
  108  8:45  Marauder  
  110  8:56  Marine x2  
  110  8:57  Marine x2  
  110  8:58  Siege Tank  
  110  8:59  Medivac  
  122  9:06  Marauder  
  124  9:14  Marine  
  125  9:19  Orbital Command  
  125  9:22  Barracks  
  125  9:39  Supply Depot  
  125  9:40  Bunker  
  125  9:46  Marine x2  
  125  9:48  Marine x2  
  125  9:51  Marauder  
  125  9:56  Liberator x2  
  125  9:57  Siege Tank  
  120  10:04  Marine x2  
  120  10:06  Marine x2  
  116  10:12  Marauder  
  124  10:15  SCV  
  124  10:16  SCV x2  
  127  10:21  Refinery  
  127  10:22  Marine x2  
  127  10:24  Marine x2, Supply Depot  
  127  10:27  SCV  
  127  10:28  SCV  
  133  10:31  Supply Depot  
  133  10:43  Marauder, Marine x3  
  133  10:44  Marine  
  133  10:46  Siege Tank  
  122  11:01  Marine x3  
  122  11:02  Marine  
  122  11:04  Marauder, SCV  
  122  11:09  Barracks x2  
  122  11:10  Barracks  
  117  11:14  Supply Depot  
  117  11:18  Siege Tank  
  120  11:19  Marine x3  
  120  11:20  Marine  
  120  11:23  Barracks Reactor  
  126  11:26  Marauder  
  126  11:36  Marine  
  126  11:37  Marine  
  126  11:38  Marine  
  130  11:47  Marauder, Marine  
  130  11:48  SCV  
  130  11:50  Siege Tank  
  135  11:54  Marine  
  135  11:56  Marine  
  135  11:57  Barracks  
  135  12:00  Marine x2  
  141  12:02  Barracks Tech Lab  
  141  12:03  Combat Shield  
  141  12:05  Marine, Barracks Reactor  
  142  12:08  Marauder  
  142  12:12  Marine  
  142  12:14  Marine, Barracks Reactor  
  144  12:18  Marine x2  
  146  12:23  Marine  
  149  12:30  Marauder  
  116  12:44  Marine x5  
  116  12:45  Marauder, Marine, SCV  
  127  12:51  Marauder  
  127  12:53  Marine, Medivac x2, Siege Tank  
  127  12:54  Marine x3  
  127  12:57  Barracks Reactor  
  127  12:58  Barracks Reactor  
  138  13:02  Marine x4, Barracks Reactor  
  142  13:06  Marauder  
  146  13:12  Marauder  
  146  13:14  Marine x5  
  146  13:15  Command Center  
  151  13:25  Siege Tank  
  148  13:27  Marauder  
  148  13:34  Marauder  
  148  13:43  Marine x5  
  148  13:44  SCV  
  154  13:49  Marauder  
  154  13:53  Marine  
  157  14:05  Marine  
  157  14:06  Marauder  
  157  14:20  Supply Depot  
  157  14:24  Supply Depot  
  157  14:25  Marine  
  157  14:27  Marine, Medivac x2, Marauder x2  
  157  14:30  Barracks Reactor  
  166  14:31  Barracks Reactor  
  166  14:47  Marine x5  
  166  14:49  Marauder x2  
  174  15:01  SCV  
  174  15:02  Medivac  
  177  15:10  Marauder x2  
  177  15:11  Marine x2  
  177  15:13  Marine  
  163  15:29  Marine x2  
  163  15:31  Marauder x2  
  163  15:34  Marine  
  145  15:36  Marine  
  124  15:43  Marine x2  
  124  15:44  Marine  
  127  15:53  Marine, Marauder x2  
  125  15:58  Marine x2  
  125  16:00  Marine  
Show
View Real Time Build Order
Export as new Build Order

Mesrob Terran - Winner!

Build Orders: Mech 

Get SALT Encoding   

  12  0:00  SCV  
  13  0:12  SCV  
  14  0:17  Supply Depot  
  14  0:25  SCV  
  15  0:39  SCV  
  15  0:40  Barracks  
  16  0:49  Refinery  
  16  0:51  SCV  
  17  1:03  SCV  
  18  1:15  SCV  
  19  1:28  Orbital Command  
  19  1:39  Command Center  
  19  1:45  Marine  
  20  2:01  Bunker  
  20  2:10  SCV  
  20  2:14  Factory  
  20  2:17  Marine  
  21  2:23  SCV  
  22  2:31  Supply Depot  
  22  2:35  SCV  
  23  2:50  SCV  
  24  2:52  Refinery  
  24  2:59  Barracks Tech Lab, Supply Depot  
  24  3:02  SCV  
  25  3:09  Engineering Bay  
  25  3:14  SCV  
  25  3:39  Siege Tank  
  27  4:01  Orbital Command  
  26  4:10  SCV  
  26  4:21  Siege Tank  
  26  4:22  SCV  
  30  4:29  Marine  
  31  4:34  SCV  
  32  4:41  Supply Depot  
  32  4:51  Missile Turret  
  32  4:53  Siege Tank  
  32  4:55  Missile Turret  
  32  4:56  Missile Turret  
  35  5:05  Supply Depot  
  35  5:11  SCV  
  35  5:12  Missile Turret  
  36  5:17  SCV  
  37  5:23  SCV  
  37  5:26  Siege Tank  
  37  5:27  Supply Depot, Command Center  
  41  5:29  SCV  
  41  5:31  Factory  
  41  5:34  Factory  
  41  5:35  SCV  
  43  5:37  Missile Turret  
  43  5:41  SCV  
  44  5:44  Armory  
  44  5:47  SCV  
  45  5:51  Refinery  
  45  5:53  SCV  
  46  5:59  SCV  
  47  6:06  SCV  
  48  6:15  Refinery  
  48  6:20  Factory Reactor x2  
  47  6:34  Sensor Tower  
  44  6:41  Supply Depot  
  39  7:05  Thor  
  39  7:06  Hellion, Hellbat  
  49  7:27  Marine  
  50  7:31  Hellbat x2  
  54  7:43  Supply Depot  
  54  7:48  Missile Turret  
  54  8:01  Sensor Tower  
  54  8:03  SCV  
  55  8:08  Missile Turret  
  55  8:15  SCV  
  55  8:17  Refinery  
  56  8:27  SCV  
  56  8:28  Supply Depot  
  56  8:29  Missile Turret  
  56  8:34  Marine, Hellion  
  58  8:39  SCV  
  58  8:40  Refinery, Thor  
  65  8:42  Hellbat x2  
  69  8:51  Marine, Supply Depot, SCV  
  71  9:09  Hellion x2  
  75  9:15  SCV  
  75  9:16  Supply Depot  
  75  9:23  Thor  
  80  9:27  SCV  
  81  9:39  SCV  
  81  9:40  Supply Depot  
  81  9:44  Hellbat  
  81  9:45  Hellbat x3  
  90  9:49  Terran Vehicle Weapons Level 1  
  90  9:51  SCV  
  91  10:03  SCV  
  85  10:11  Supply Depot  
  85  10:34  Supply Depot  
  85  10:37  Thor  
  85  10:38  Hellion x2  
  85  10:40  Hellion x2  
  78  10:58  Supply Depot  
  67  11:15  Hellion x4  
  75  11:20  Thor  
  75  11:23  Factory x2  
  81  11:27  Factory  
  81  11:37  Hellion  
  81  11:38  Planetary Fortress  
  81  11:52  Sensor Tower  
  81  12:12  Missile Turret  
  81  12:18  Factory Tech Lab  
  81  12:19  Factory Tech Lab  
  81  12:21  Factory Reactor  
  81  12:23  Thor  
  81  12:24  Hellion x2  
  81  12:25  Hellion x2  
  93  12:44  Hellion x11  
  93  12:47  Thor  
  93  12:49  Hellbat x4  
  107  12:56  SCV  
  108  13:08  SCV  
  109  13:17  Hellbat  
  109  13:18  Hellbat x3  
  109  13:19  Hellbat  
  119  13:20  Hellbat, SCV  
  120  13:32  SCV  
  115  13:44  SCV  
  115  13:45  Thor x3  
  115  13:48  Hellbat x4  
  128  14:05  SCV  
  128  14:08  SCV  
  128  14:09  Command Center  
  130  14:12  SCV  
  131  14:17  SCV  
  131  14:20  SCV  
  131  14:23  Hellbat  
  131  14:24  Hellbat, SCV  
  137  14:29  SCV  
  139  14:33  Supply Depot, SCV  
  139  14:36  SCV  
  141  14:38  Supply Depot  
  141  14:55  SCV x3  
  141  14:57  Supply Depot, Thor  
  149  15:02  Supply Depot  
  149  15:03  Supply Depot  
  147  15:07  SCV x3  
  112  15:39  Thor x2  
  112  15:40  Thor  
  112  15:41  Hellbat x3  
  112  15:42  Hellbat x3  
Tags
 
Composition
Mech
League
Platinum
Matchup
TvT
Race
Terran
Replay Pack
sc2 replays
Spawn Locations
Cross Positions
Add a new tag
Caveats
  • Supply blocks, unpowered buildings, or Contaminate may cause inaccurate times.
  • Supply counts are checked every 10 seconds.